[Event "December 5 Late 2023"]
[Site "https://www.chess.com"]
[Date "2023.12.05"]
[Round "2"]
[White "Sanchez Alvares, Kelvin Antonio"]
[Black "Ramadoss, Ashokkumar"]
[Result "0-1"]
[Board "128"]
[TimeControl "180+1"]
[WhiteFideId "3906680"]
[BlackFideId "5040990"]
[WhiteElo "2538"]
[BlackElo "2322"]
[WhiteTeam "VEN"]
[BlackTeam "IND"]
[WhiteClock "0:00:00"]
[BlackClock "0:00:08"]

1. e4 e6 2. d4 d5 3. Nd2 Be7 4. c3 c5 5. exd5 Qxd5 6. Ngf3 cxd4 7. Bc4 Qd8 8. Nxd4 Nf6 9. O-O O-O 10. Qe2 a6 11. a4 Bd7 12. Re1 Nc6 13. N2f3 Nxd4 14. Nxd4 Re8 15. Bf4 Nd5 16. Bxd5 exd5 17. Qc2 Qb6 18. a5 Qg6 19. Qxg6 hxg6 20. Be5 Bc5 21. Nb3 Bf8 22. Bd4 f6 23. Bc5 Re5 24. Bxf8 Kxf8 25. f4 Re7 26. Kf2 Rc8 27. Nd4 Rc5 28. Rxe7 Kxe7 29. Ke3 Kd6 30. Kd2 Rc8 31. Re1 Re8 32. Rxe8 Bxe8 33. b4 Bd7 34. Ke3 Be8 35. g3 Bd7 36. Nb3 Be8 37. Kd4 Kc6 38. Nc5 Bf7 39. g4 Bg8 40. h4 Bf7 41. g5 Bg8 42. Nd3 Kd6 43. Nf2 Be6 44. Nd3 Bd7 45. Nc5 Bc6 46. Ke3 Ke7 47. Kf2 Kd6 48. Kg3 d4 49. cxd4 Kd5 50. f5 fxg5 51. hxg5 gxf5 52. Kf4 g6 53. Ke3 f4+ 54. Kxf4 Kxd4 55. Ne6+ Kc4 56. Ke5 Kxb4 57. Nf8 Be8 58. Kf6 Kxa5 59. Nxg6 b5 60. Nf4 b4 61. Ke7 Bb5 62. g6 Bc4 63. g7 b3 64. Ne6 b2 65. g8=Q b1=Q 66. Qd8+ Qb6 67. Qd2+ Qb4+ 68. Qxb4+ Kxb4 69. Nc7 a5 70. Kd6 a4 0-1

[Event "December 5 Late 2023"]
[Site "https://www.chess.com"]
[Date "2023.12.05"]
[Round "2"]
[White "Erzhanov, Arman"]
[Black "Gerbelli Neto, Eduardo"]
[Result "1/2-1/2"]
[Board "129"]
[TimeControl "180+1"]
[WhiteFideId "4138821"]
[BlackFideId "2103281"]
[WhiteElo "2527"]
[BlackElo "2322"]
[WhiteTeam "KAZ"]
[BlackTeam "BRA"]
[WhiteClock "0:00:07"]
[BlackClock "0:00:09"]

1. e4 e5 2. Nf3 Nc6 3. Be2 Nf6 4. d3 Bc5 5. O-O d6 6. Nbd2 a5 7. c3 O-O 8. b3 h6 9. h3 Be6 10. a3 d5 11. Re1 Re8 12. Bf1 dxe4 13. dxe4 Qd7 14. Qc2 Rad8 15. Nc4 Bxc4 16. Bxc4 Nh5 17. b4 Bb6 18. b5 Nb8 19. a4 Qe7 20. Bd5 c6 21. bxc6 bxc6 22. Bc4 Nd7 23. Rb1 Rb8 24. Qa2 Qf6 25. Bf1 Nf4 26. Bxf4 Qxf4 27. Qd2 Nc5 28. Qc2 Ne6 29. Bc4 Ng5 30. Nxg5 hxg5 31. Rf1 Red8 32. Rbd1 Rxd1 33. Rxd1 Rd8 34. Rxd8+ Bxd8 35. Kf1 Bb6 36. f3 Qe3 37. Bb3 Qg1+ 38. Ke2 Qxg2+ 39. Kd3 Qxf3+ 40. Kc4 Qf1+ 41. Qd3 Qxd3+ 42. Kxd3 Kf8 43. Bc4 Ke7 44. Ba6 g6 45. Bb7 Kd6 46. Bc8 Bd8 47. Kc4 Bb6 48. Bg4 Bf2 49. Bc8 f6 50. Bg4 Bb6 51. Bc8 Bd8 52. Bg4 Be7 53. Bc8 Kc7 54. Bg4 Kd8 55. Be6 Ke8 56. Bc8 Kf7 57. Bg4 Kg7 58. Bd7 Kh6 59. Bg4 Bd6 60. Kd3 Kg7 61. Be6 Kf8 62. Bd7 Ke7 63. Bg4 Bc5 64. Kc4 Bd6 65. Bc8 Kf7 66. Bg4 Ke7 67. Bc8 Kf7 68. Bg4 Ke7 1/2-1/2

[Event "December 5 Late 2023"]
[Site "https://www.chess.com"]
[Date "2023.12.05"]
[Round "2"]
[White "Bayo Milagro, Alvaro"]
[Black "Rose, Felix"]
[Result "1-0"]
[Board "130"]
[TimeControl "180+1"]
[WhiteFideId "22275240"]
[BlackFideId "5105722"]
[WhiteElo "2525"]
[BlackElo "2317"]
[WhiteTeam "ESP"]
[BlackTeam "MEX"]
[WhiteClock "0:00:06"]
[BlackClock "0:00:05"]

1. e4 c5 2. Nf3 g6 3. Nc3 Bg7 4. Bc4 Nc6 5. O-O e6 6. a3 Nge7 7. Ba2 O-O 8. d3 b6 9. Bf4 d5 10. Qd2 Nd4 11. Nxd4 cxd4 12. Ne2 dxe4 13. dxe4 Bb7 14. Ng3 Rc8 15. Rac1 h5 16. h4 Qd7 17. Bb3 Rfd8 18. Rfe1 Nc6 19. Bg5 Re8 20. Bh6 Ne5 21. Bxg7 Kxg7 22. Qg5 Qb5 23. Nxh5+ Kf8 24. Nf6 Red8 25. f4 d3 26. cxd3 Qxb3 27. Qxe5 Rxc1 28. Rxc1 Qxd3 29. Rc7 Qd4+ 30. Qxd4 Rxd4 31. Rxb7 Kg7 32. Ne8+ Kf8 33. Nf6 Kg7 34. e5 Rxf4 35. g3 Rf3 36. Kg2 Rb3 37. Rxa7 Rxb2+ 38. Kh3 Re2 39. Ng4 b5 40. Rb7 Ra2 41. Nf6 Rxa3 42. Rxb5 Re3 43. Kg2 Kf8 44. g4 Kg7 45. g5 Kf8 46. Rb8+ Ke7 47. Re8# 1-0

[Event "December 5 Late 2023"]
[Site "https://www.chess.com"]
[Date "2023.12.05"]
[Round "2"]
[White "Rees, Ioan"]
[Black "Silvestre, Christian"]
[Result "1-0"]
[Board "131"]
[TimeControl "180+1"]
[WhiteFideId "1801236"]
[BlackFideId "30956269"]
[WhiteElo "2514"]
[BlackElo "2316"]
[WhiteTeam "WLS"]
[BlackTeam "USA"]
[WhiteClock "0:01:04"]
[BlackClock "0:00:17"]

1. e4 c5 2. c3 g6 3. d4 cxd4 4. cxd4 Bg7 5. Nf3 d5 6. e5 Nc6 7. h3 Nh6 8. Bb5 O-O 9. O-O Bd7 10. Nc3 e6 11. Bg5 Qb6 12. Qd2 Nf5 13. Bxc6 Bxc6 14. g4 h6 15. gxf5 hxg5 16. fxg6 f6 17. exf6 Bxf6 18. Rae1 Bd7 19. Ne5 Be8 20. Qd3 Kg7 21. Qe3 Rh8 22. Kg2 Rh4 23. Nf3 Rf4 24. Qxe6 Bd7 25. Qxb6 axb6 26. Nxd5 Rf5 27. Nxf6 Kxf6 28. a3 Bc6 29. Re3 Ra4 30. Kg3 Bxf3 31. Rxf3 Rxd4 32. Rxf5+ Kxf5 33. g7 Rd8 34. Rd1 Rg8 35. Rd7 Kf6 36. Rxb7 1-0

[Event "December 5 Late 2023"]
[Site "https://www.chess.com"]
[Date "2023.12.05"]
[Round "2"]
[White "Antonio, Jorge Carlos"]
[Black "Grutter, Tim"]
[Result "0-1"]
[Board "132"]
[TimeControl "180+1"]
[WhiteFideId "113190"]
[BlackFideId "1057472"]
[WhiteElo "2315"]
[BlackElo "2514"]
[WhiteTeam "ARG"]
[BlackTeam "NED"]
[WhiteClock "0:01:18"]
[BlackClock "0:00:57"]

1. d4 d6 2. Nf3 Nf6 3. c4 Nbd7 4. Nc3 e5 5. e4 g6 6. Be2 Bg7 7. d5 Nc5 8. Qc2 a5 9. O-O O-O 10. h3 h6 11. Be3 b6 12. b3 Nh5 13. a3 f5 14. exf5 Bxf5 15. Qd2 Nf4 16. Bxf4 exf4 17. Bd1 Qf6 18. Rc1 Nd3 19. Rc2 Nxf2 20. Rxf2 Bxc2 21. Qxc2 Qxc3 22. Qxg6 Rf6 23. Qg4 Re8 24. Rf1 Kh8 25. Nh4 Qg3 26. Qh5 Re1 27. Nf5 Rxf1+ 28. Kxf1 Qd3+ 29. Be2 Qxf5 30. Qe8+ Rf8 31. Qc6 Bd4 32. Qxc7 Qb1+ 0-1

[Event "December 5 Late 2023"]
[Site "https://www.chess.com"]
[Date "2023.12.05"]
[Round "2"]
[White "Ferreira, Vitor Hugo Vieira"]
[Black "Kujawski, Adam"]
[Result "1-0"]
[Board "133"]
[TimeControl "180+1"]
[WhiteFideId "2119765"]
[BlackFideId "1100920"]
[WhiteElo "2514"]
[BlackElo "2313"]
[WhiteTeam "BRA"]
[BlackTeam "POL"]
[WhiteClock "0:01:24"]
[BlackClock "0:00:04"]

1. d4 Nf6 2. c4 e6 3. Nf3 c5 4. d5 d6 5. Nc3 g6 6. e4 Bg7 7. Be2 O-O 8. O-O exd5 9. exd5 Bf5 10. Nh4 Bd7 11. Bf4 Nh5 12. Bg3 Nxg3 13. hxg3 Bxc3 14. bxc3 Qf6 15. Qd2 b6 16. f4 Re8 17. Rf2 Bf5 18. Raf1 Nd7 19. g4 Qxh4 20. gxf5 Nf6 21. fxg6 Ne4 22. gxf7+ Kxf7 23. Qc2 Nxf2 24. Qf5+ Kg8 25. Rxf2 Re7 26. Bf1 Rf8 27. Qd3 Rxf4 28. g3 Rg7 29. Rg2 Rxf1+ 30. Qxf1 Qe4 31. Qf6 Qg6 32. Qd8+ Kf7 33. Rf2+ 1-0

[Event "December 5 Late 2023"]
[Site "https://www.chess.com"]
[Date "2023.12.05"]
[Round "2"]
[White "Rian, Kapriaga"]
[Black "Stojanovski, Sandi"]
[Result "0-1"]
[Board "134"]
[TimeControl "180+1"]
[WhiteFideId "7103263"]
[BlackFideId "1403249"]
[WhiteElo "2310"]
[BlackElo "2514"]
[WhiteTeam "INA"]
[BlackTeam "DEN"]
[WhiteClock "0:00:00"]
[BlackClock "0:00:54"]

1. d4 d6 2. Nf3 Nf6 3. c4 g6 4. Nc3 Bg7 5. Bg5 O-O 6. e3 c5 7. d5 h6 8. Bh4 e6 9. Be2 exd5 10. Nxd5 Qa5+ 11. Qd2 Qxd2+ 12. Nxd2 Nxd5 13. cxd5 Bxb2 14. Rb1 Bc3 15. Be7 Re8 16. Bxd6 b6 17. Bf4 Bb7 18. Bf3 g5 19. Bg3 Nd7 20. Rb3 Ba5 21. d6 Bxf3 22. gxf3 Rad8 23. Ke2 Bxd2 24. Kxd2 Ne5 25. Ke2 Rxd6 26. f4 gxf4 27. Bxf4 Kh7 28. a4 Rf6 29. Bxe5 Rxe5 30. a5 c4 31. Rb4 Rxa5 32. f4 Rc6 33. Rc1 c3 34. Kd3 Rd5+ 35. Ke4 Rd2 36. Rd4 Rxd4+ 37. Kxd4 c2 0-1

[Event "December 5 Late 2023"]
[Site "https://www.chess.com"]
[Date "2023.12.05"]
[Round "2"]
[White "Kotyk, Michael"]
[Black "Kornyukov, Alexey"]
[Result "1/2-1/2"]
[Board "135"]
[TimeControl "180+1"]
[WhiteFideId "16214501"]
[BlackFideId "4150457"]
[WhiteElo "2512"]
[BlackElo "2310"]
[WhiteTeam "GER"]
[BlackTeam "RUS"]
[WhiteClock "0:00:07"]
[BlackClock "0:00:03"]

1. e4 c5 2. Nc3 Nc6 3. f4 g6 4. Nf3 Bg7 5. Bb5 Nd4 6. O-O Nxb5 7. Nxb5 Nf6 8. e5 Nd5 9. d3 O-O 10. Nc3 Nxc3 11. bxc3 d6 12. d4 Bg4 13. h3 Bf5 14. d5 dxe5 15. fxe5 Be4 16. c4 Bxf3 17. Qxf3 Bxe5 18. Rb1 b6 19. Bh6 Bg7 20. Bxg7 Kxg7 21. Rbe1 Qd6 22. Qc3+ Kg8 23. Re5 e6 24. Rf6 Rae8 25. Qe3 Qd8 26. Qf4 exd5 27. Rxe8 Qxe8 28. cxd5 Qd7 29. c4 Re8 30. h4 h5 31. Kh2 Qe7 32. d6 Qd7 33. Kg3 Re6 34. Rxe6 Qxe6 35. Qd2 Qg4+ 36. Kh2 Qxh4+ 37. Kg1 Qd8 38. d7 Kg7 39. Qd6 h4 40. Qd5 Kf6 41. Qd6+ Kg7 42. Qe5+ Kf8 43. Qd6+ Kg7 1/2-1/2

[Event "December 5 Late 2023"]
[Site "https://www.chess.com"]
[Date "2023.12.05"]
[Round "2"]
[White "Shapiro, Viktor"]
[Black "Modric, Nesa"]
[Result "1-0"]
[Board "136"]
[TimeControl "180+1"]
[WhiteFideId "4175700"]
[BlackFideId "922579"]
[WhiteElo "2511"]
[BlackElo "2308"]
[WhiteTeam "RUS"]
[BlackTeam "SRB"]
[WhiteClock "0:01:31"]
[BlackClock "0:00:11"]

1. c4 e6 2. Nc3 d5 3. d4 Nf6 4. Nf3 Be7 5. Bg5 O-O 6. e3 h6 7. Bxf6 Bxf6 8. Qc2 dxc4 9. Bxc4 c5 10. dxc5 Qa5 11. Rc1 Qxc5 12. Qe2 Nc6 13. O-O Ne5 14. Ne4 Qe7 15. Nxf6+ Qxf6 16. Nxe5 Qxe5 17. Rfd1 b6 18. f4 Qf6 19. b3 Bb7 20. Rd7 Rab8 21. Rcd1 Rfd8 22. Qd2 Rxd7 23. Qxd7 g6 24. Qc7 Rf8 25. Qxb7 Qc3 26. Qf3 1-0

[Event "December 5 Late 2023"]
[Site "https://www.chess.com"]
[Date "2023.12.05"]
[Round "2"]
[White "Skibbe, Willi"]
[Black "Chylewski, Patryk"]
[Result "0-1"]
[Board "137"]
[TimeControl "180+1"]
[WhiteFideId "4682190"]
[BlackFideId "1186191"]
[WhiteElo "2304"]
[BlackElo "2507"]
[WhiteTeam "GER"]
[BlackTeam "POL"]
[WhiteClock "0:00:00"]
[BlackClock "0:00:43"]

1. e4 c5 2. c3 d5 3. exd5 Qxd5 4. Nf3 e5 5. Na3 Nc6 6. Be2 Be7 7. d3 Nf6 8. O-O O-O 9. Nc4 Re8 10. a4 Bf8 11. a5 Qd8 12. Bg5 Bf5 13. Re1 h6 14. Bh4 g5 15. Bg3 e4 16. dxe4 Nxe4 17. Nfe5 Nxg3 18. Bf3 Nxe5 19. Nxe5 Qf6 20. Qd5 Rad8 0-1

[Event "December 5 Late 2023"]
[Site "https://www.chess.com"]
[Date "2023.12.05"]
[Round "2"]
[White "Chabris, Christopher"]
[Black "Bressy, Theo"]
[Result "0-1"]
[Board "138"]
[TimeControl "180+1"]
[WhiteFideId "2005263"]
[BlackFideId "26022842"]
[WhiteElo "2301"]
[BlackElo "2506"]
[WhiteTeam "USA"]
[BlackTeam "FRA"]
[WhiteClock "0:00:00"]
[BlackClock "0:00:20"]

1. e4 e6 2. d4 d5 3. Nc3 Nf6 4. e5 Nfd7 5. f4 c5 6. Nf3 Nc6 7. Be3 a6 8. Be2 b5 9. O-O Qb6 10. a4 b4 11. a5 Qa7 12. Na4 cxd4 13. Nxd4 Qc7 14. Qd2 Nxa5 15. f5 Nxe5 16. fxe6 Bxe6 17. Nxe6 fxe6 18. Bb6 Nec4 19. Bxc7 Nxd2 20. Bxa5 Nxf1 21. Rxf1 Bd6 22. Bg4 Ke7 23. Nb6 Bc5+ 24. Kh1 Bxb6 25. Bxb6 Kd6 26. Re1 Rhe8 27. Bf2 e5 28. Rd1 a5 29. b3 a4 30. bxa4 Rxa4 31. Bf3 e4 32. Bg3+ Kc5 33. Bh5 Rf8 34. Be5 g6 35. Bd4+ Kc6 36. Be2 Ra2 37. Rc1 Rc8 38. Bg4 Rc7 39. c4 bxc3 40. Rxc3+ Kd6 41. Rxc7 Kxc7 42. h4 Ra4 43. Be5+ Kc6 44. Kg1 d4 45. Kf2 Kd5 46. Bf6 Ra2+ 47. Kg3 d3 0-1

[Event "December 5 Late 2023"]
[Site "https://www.chess.com"]
[Date "2023.12.05"]
[Round "2"]
[White "Korol, Dimitry"]
[Black "Krzywda, Andrzej"]
[Result "0-1"]
[Board "140"]
[TimeControl "180+1"]
[WhiteFideId "14108003"]
[BlackFideId "1114565"]
[WhiteElo "2297"]
[BlackElo "2505"]
[WhiteTeam "UKR"]
[BlackTeam "POL"]
[WhiteClock "0:00:00"]
[BlackClock "0:00:39"]

1. d4 d5 2. c4 dxc4 3. Nf3 Nf6 4. Nc3 a6 5. e4 b5 6. e5 Nd5 7. a4 e6 8. axb5 Nb6 9. bxa6 Rxa6 10. Rxa6 Nxa6 11. Bxc4 Nxc4 12. Qa4+ c6 13. Qxc4 Nb4 14. Be3 Ba6 15. Qb3 Be7 16. Kd2 O-O 17. Ra1 c5 18. Kc1 Nd3+ 19. Kb1 c4 20. Qa4 Bb7 21. Qxc4 Nb4 22. Ra7 Bd5 23. Qc7 Qxc7 24. Rxc7 Bd8 25. Rc8 Bb6 26. Rxf8+ Kxf8 27. Nxd5 Nxd5 28. Kc2 f6 29. Kd3 Kf7 30. Kc4 Kg6 31. b4 Kf5 32. exf6 gxf6 0-1

[Event "December 5 Late 2023"]
[Site "https://www.chess.com"]
[Date "2023.12.05"]
[Round "2"]
[White "Baches Garcia, Guillermo"]
[Black "Weisz, Bryan"]
[Result "1-0"]
[Board "141"]
[TimeControl "180+1"]
[WhiteFideId "2209764"]
[BlackFideId "30934133"]
[WhiteElo "2501"]
[BlackElo "2296"]
[WhiteTeam "ESP"]
[BlackTeam "USA"]
[WhiteClock "0:00:13"]
[BlackClock "0:00:00"]

1. d4 c5 2. c3 cxd4 3. cxd4 d5 4. Nc3 Nc6 5. Nf3 Nf6 6. Bf4 Bf5 7. e3 e6 8. Bd3 Bd6 9. Bxd6 Bxd3 10. Ba3 Ba6 11. b4 O-O 12. Rb1 Bc4 13. b5 Qa5 14. Bxf8 Ne4 15. Rc1 Rxf8 16. bxc6 bxc6 17. Qc2 Rb8 18. Nd2 Nxd2 19. Kxd2 c5 20. Rb1 Rc8 21. Qa4 Qd8 22. Qxa7 e5 23. g3 cxd4 24. exd4 Qg5+ 25. Kc2 Bd3+ 26. Kxd3 Qf5+ 27. Kd2 Qxf2+ 28. Ne2 e4 29. Rb8 e3+ 30. Kd3 Qf5+ 31. Kxe3 Qe4+ 32. Kd2 Qc2+ 33. Ke1 Qb1+ 34. Rxb1 1-0

[Event "December 5 Late 2023"]
[Site "https://www.chess.com"]
[Date "2023.12.05"]
[Round "2"]
[White "Lopez Del Alamo, Antonio"]
[Black "Milosevic, Milos"]
[Result "0-1"]
[Board "142"]
[TimeControl "180+1"]
[WhiteFideId "2227339"]
[BlackFideId "964875"]
[WhiteElo "2295"]
[BlackElo "2497"]
[WhiteTeam "ESP"]
[BlackTeam "SRB"]
[WhiteClock "0:01:09"]
[BlackClock "0:01:45"]

1. e4 e5 2. Bc4 Qf6 3. d3 c6 4. Nc3 Bc5 5. Nf3 h6 6. O-O Ne7 7. Be3 d6 8. d4 exd4 9. Bxd4 Bxd4 10. Nxd4 Nd7 11. f4 O-O 12. e5 dxe5 13. Ne4 Qg6 14. f5 Qh7 15. f6 gxf6 16. Bd3 Qg7 17. Nf3 f5 18. Nd6 e4 19. Nxc8 Raxc8 20. Bc4 Nb6 21. Nd2 Qd4+ 22. Kh1 Nxc4 23. Nxc4 Qxc4 24. Qd6 Qe6 0-1

[Event "December 5 Late 2023"]
[Site "https://www.chess.com"]
[Date "2023.12.05"]
[Round "2"]
[White "Kovalevsky, Stanislav"]
[Black "Shapiro, Daniel"]
[Result "1-0"]
[Board "143"]
[TimeControl "180+1"]
[WhiteFideId "13508598"]
[BlackFideId "2001780"]
[WhiteElo "2497"]
[BlackElo "2288"]
[WhiteTeam "FID"]
[BlackTeam "USA"]
[WhiteClock "0:00:17"]
[BlackClock "0:00:12"]

1. e4 c5 2. c3 d5 3. exd5 Qxd5 4. Nf3 Nc6 5. d4 e6 6. Be2 cxd4 7. cxd4 Nf6 8. Nc3 Qd8 9. Bf4 Be7 10. O-O O-O 11. Rc1 Nd5 12. Nxd5 Qxd5 13. a3 b6 14. Bd3 Bb7 15. Re1 Rad8 16. Be4 Qd7 17. Rxc6 Bxc6 18. Ne5 Qd6 19. Nxc6 Qxf4 20. Nxe7+ Kh8 21. Nc6 Rd6 22. g3 Qg5 23. Ne5 Kg8 24. h4 Qe7 25. Qh5 g6 26. Qf3 Rxd4 27. Nc6 Qc5 28. Nxd4 Qxd4 29. b4 Rc8 30. Rd1 Qe5 31. Rd7 f5 32. Bd3 Rc1+ 33. Kg2 Rc8 34. Qb7 f4 35. Qxc8# 1-0

[Event "December 5 Late 2023"]
[Site "https://www.chess.com"]
[Date "2023.12.05"]
[Round "2"]
[White "Dilmukhametov, Artur"]
[Black "Sarkar, Justin"]
[Result "1/2-1/2"]
[Board "144"]
[TimeControl "180+1"]
[WhiteFideId "24179922"]
[BlackFideId "2010011"]
[WhiteElo "2492"]
[BlackElo "2285"]
[WhiteTeam "RUS"]
[BlackTeam "USA"]
[WhiteClock "0:00:47"]
[BlackClock "0:00:26"]

1. e4 e5 2. Nf3 Nc6 3. Bc4 Bc5 4. c3 Nf6 5. d3 O-O 6. O-O d6 7. Nbd2 h6 8. h3 a6 9. Re1 Be6 10. Bb3 Re8 11. Nf1 d5 12. d4 dxe4 13. dxc5 Qxd1 14. Bxd1 exf3 15. Bxf3 e4 16. Bd1 Ne5 17. Bc2 Nd3 18. Bxd3 exd3 19. Be3 Rad8 20. Nd2 Nd5 21. Bd4 Nf4 22. Be3 Nd5 23. Bd4 Nf4 24. Be3 Nd5 1/2-1/2

[Event "December 5 Late 2023"]
[Site "https://www.chess.com"]
[Date "2023.12.05"]
[Round "2"]
[White "Szente Varga, Fruzsina"]
[Black "Lin, Bryan Enming"]
[Result "0-1"]
[Board "145"]
[TimeControl "180+1"]
[WhiteFideId "712264"]
[BlackFideId "30987121"]
[WhiteElo "2276"]
[BlackElo "2490"]
[WhiteTeam "HUN"]
[BlackTeam "USA"]
[WhiteClock "0:01:59"]
[BlackClock "0:01:44"]

1. e4 e5 2. d4 exd4 3. Qxd4 Nc6 4. Qe3 Nf6 5. Bd2 Bb4 6. Nc3 O-O 7. O-O-O Re8 8. f3 d5 9. Qg5 dxe4 10. Nxe4 Nxe4 11. Qxd8 Rxd8 12. Bxb4 Rxd1+ 13. Kxd1 Nf2+ 14. Ke1 Nxh1 15. Bc3 Bf5 16. Bd3 Bxd3 17. cxd3 Rd8 18. Ne2 Rxd3 19. Nf4 Rd7 20. g3 b5 21. a3 a5 22. b4 axb4 23. axb4 Nd4 0-1

[Event "December 5 Late 2023"]
[Site "https://www.chess.com"]
[Date "2023.12.05"]
[Round "2"]
[White "Bold, Andre"]
[Black "Clarke, Matthew"]
[Result "1-0"]
[Board "146"]
[TimeControl "180+1"]
[WhiteFideId "16208471"]
[BlackFideId "3227804"]
[WhiteElo "2490"]
[BlackElo "2272"]
[WhiteTeam "GER"]
[BlackTeam "AUS"]
[WhiteClock "0:02:04"]
[BlackClock "0:00:21"]

1. Nf3 d5 2. e3 Nf6 3. c4 e6 4. Nc3 Be7 5. b3 O-O 6. Bb2 b6 7. Qc2 Bb7 8. Be2 Nbd7 9. Rg1 dxc4 10. bxc4 e5 11. g4 e4 12. Nd4 Nc5 13. g5 Ne8 14. h4 Nd6 15. O-O-O f5 16. Nb3 Nxb3+ 17. axb3 Nf7 18. d3 1-0

[Event "December 5 Late 2023"]
[Site "https://www.chess.com"]
[Date "2023.12.05"]
[Round "2"]
[White "Polanco Nunez, Yoel Estarling"]
[Black "Novik, Maxim"]
[Result "1-0"]
[Board "147"]
[TimeControl "180+1"]
[WhiteFideId "6401783"]
[BlackFideId "4102924"]
[WhiteElo "2266"]
[BlackElo "2486"]
[WhiteTeam "DOM"]
[BlackTeam "LTU"]
[WhiteClock "0:00:26"]
[BlackClock "0:00:37"]

1. d4 Nf6 2. c4 g6 3. Nc3 d5 4. Nf3 Bg7 5. cxd5 Nxd5 6. e4 Nxc3 7. bxc3 c5 8. Bb5+ Nc6 9. O-O O-O 10. Bxc6 bxc6 11. Be3 cxd4 12. Bxd4 Bg4 13. Bxg7 Kxg7 14. Qd4+ f6 15. Qxd8 Rfxd8 16. Rfd1 e5 17. Rab1 Rxd1+ 18. Rxd1 Kf7 19. h3 Bxf3 20. gxf3 Ke7 21. Rb1 Rd8 22. Kf1 Kd6 23. Ke2 Rd7 24. Rd1+ Kc7 25. Rxd7+ Kxd7 26. Kd3 Kd6 27. Kc4 f5 28. exf5 gxf5 29. h4 h5 30. a3 a6 31. Kb4 Kd5 32. Ka5 e4 33. Kxa6 Kc4 34. Kb6 exf3 35. a4 Kd3 36. a5 Ke2 37. a6 Kxf2 38. a7 Kg2 39. a8=Q f2 40. Qxc6+ Kg1 41. Qc5 Kg2 42. Qd5+ Kg1 43. Qxf5 f1=Q 44. Qxf1+ Kxf1 45. c4 Kg2 46. c5 Kg3 47. c6 Kxh4 48. c7 Kg3 49. c8=Q h4 50. Qb7 Kh2 51. Qc7+ Kg2 52. Qc6+ Kh2 53. Qd6+ Kg2 54. Qd5+ Kh2 55. Qe5+ Kg2 56. Qe4+ Kg3 57. Qh1 h3 58. Kc5 h2 59. Kd4 Kh3 60. Ke3 Kg3 61. Ke2 Kh3 62. Kf3 Kh4 63. Qxh2+ 1-0

[Event "December 5 Late 2023"]
[Site "https://www.chess.com"]
[Date "2023.12.05"]
[Round "2"]
[White "sina101"]
[Black "Dong, Kyle Qiyu"]
[Result "0-1"]
[Board "148"]
[TimeControl "180+1"]
[BlackFideId "30977380"]
[WhiteElo "2485"]
[BlackElo "2257"]
[BlackTeam "USA"]
[WhiteClock "0:00:21"]
[BlackClock "0:00:55"]

1. e4 c5 2. Nf3 Nc6 3. c3 d5 4. exd5 Qxd5 5. Na3 a6 6. d4 Bg4 7. Be2 Nf6 8. O-O e6 9. h3 Bh5 10. Nc2 Be7 11. Ne3 Qd8 12. dxc5 Bxc5 13. b4 Ba7 14. Nc4 O-O 15. Nd6 Bg6 16. Nxb7 Qc7 17. Nc5 Rfd8 18. Qa4 Bxc5 19. bxc5 Nd5 20. Bb2 Rdb8 21. Qa3 Nf4 22. Bc4 Be4 23. Ne1 Ne5 24. Bb3 Nxg2 25. Nxg2 Nf3+ 0-1

[Event "December 5 Late 2023"]
[Site "https://www.chess.com"]
[Date "2023.12.05"]
[Round "2"]
[White "Gao, Raymond"]
[Black "Minko, Dmitry"]
[Result "0-1"]
[Board "149"]
[TimeControl "180+1"]
[WhiteFideId "2629429"]
[BlackFideId "24188468"]
[WhiteElo "2251"]
[BlackElo "2483"]
[WhiteTeam "CAN"]
[BlackTeam "FID"]
[WhiteClock "0:00:02"]
[BlackClock "0:00:07"]

1. Nf3 d5 2. d4 Nf6 3. Bf4 e6 4. e3 c5 5. Nbd2 Nc6 6. c3 Nh5 7. Bg5 Qb6 8. Rb1 h6 9. Bh4 g5 10. Ne5 Nxe5 11. Qxh5 Ng6 12. Bg3 Bg7 13. Bd3 Ne7 14. a3 Bd7 15. h4 O-O-O 16. Qxf7 cxd4 17. cxd4 Bxd4 18. exd4 Nc6 19. hxg5 Qxd4 20. Qf4 Qb6 21. Rc1 e5 22. Qxe5 Rhe8 23. gxh6 Rxe5+ 24. Bxe5 Re8 25. Nf3 Kd8 26. Kf1 Nxe5 27. Nxe5 Qxb2 28. Nf7+ Ke7 29. Re1+ Kxf7 30. Rxe8 Bxe8 31. Rh3 Qa1+ 32. Ke2 Qe5+ 33. Kd2 Qg5+ 34. Ke2 Qe5+ 35. Kd2 Qb2+ 36. Ke3 d4+ 37. Kf4 Qc1+ 38. Kg3 Qg5+ 39. Kh2 Qe5+ 40. Kg1 Bc6 41. h7 Qh8 42. Rg3 Qe8 43. Rg8 Qe1+ 44. Kh2 Qe5+ 45. g3 Qd5 46. Kh3 Qg2+ 47. Kg4 Qf3+ 48. Kh4 Qxd3 49. h8=Q Qe4+ 50. Rg4 Qh1+ 51. Kg5 Qxh8 52. Rf4+ Ke7 53. Re4+ Bxe4 54. f3 Bxf3 0-1

[Event "December 5 Late 2023"]
[Site "https://www.chess.com"]
[Date "2023.12.05"]
[Round "2"]
[White "Villa Tornero, Alex"]
[Black "Palmer, Reegan"]
[Result "1-0"]
[Board "150"]
[TimeControl "180+1"]
[WhiteFideId "54501091"]
[BlackFideId "14322145"]
[WhiteElo "2483"]
[BlackElo "2249"]
[WhiteTeam "ESP"]
[BlackTeam "RSA"]
[WhiteClock "0:02:02"]
[BlackClock "0:00:34"]

1. e4 c5 2. Nf3 d6 3. d4 cxd4 4. Nxd4 Nf6 5. Nc3 a6 6. Bg5 e6 7. Qd2 h6 8. Bxf6 Qxf6 9. O-O-O Nc6 10. Nxc6 bxc6 11. f4 g5 12. g3 Be7 13. Bg2 Bd7 14. e5 Qg6 15. exd6 Bf6 16. Ne4 Bg7 17. Nc5 Rb8 18. c3 Qf5 19. Nxa6 O-O 20. Nxb8 Rxb8 21. fxg5 Qa5 22. a3 c5 23. gxh6 Bf6 24. Rhf1 Bd8 25. h7+ Kh8 26. Rxf7 1-0

[Event "December 5 Late 2023"]
[Site "https://www.chess.com"]
[Date "2023.12.05"]
[Round "2"]
[White "De Souza, Cristiano Gomes"]
[Black "Ventura Bolet, Maxim"]
[Result "0-1"]
[Board "151"]
[TimeControl "180+1"]
[WhiteFideId "2151758"]
[BlackFideId "22238824"]
[WhiteElo "2242"]
[BlackElo "2482"]
[WhiteTeam "BRA"]
[BlackTeam "ESP"]
[WhiteClock "0:00:22"]
[BlackClock "0:00:16"]

1. d4 Nf6 2. c4 d6 3. Nf3 g6 4. Nc3 Nbd7 5. e4 e5 6. Be2 Bg7 7. O-O O-O 8. Be3 Re8 9. d5 Nh5 10. Nd2 Nf4 11. Bf3 f5 12. b4 Nd3 13. exf5 gxf5 14. Qb3 f4 15. Nde4 fxe3 16. fxe3 a5 17. a3 Bh6 18. Nd1 axb4 19. Qxd3 bxa3 20. Rxa3 Rxa3 21. Qxa3 Rf8 22. Ndf2 Nf6 23. Nxf6+ Qxf6 24. Ne4 Qg6 25. c5 Bf5 26. Ng3 Bd3 27. Re1 e4 28. Bh5 Qf6 29. Qb4 Bxe3+ 30. Kh1 Bxc5 31. Qxb7 Qf2 32. Ra1 Bf1 0-1

[Event "December 5 Late 2023"]
[Site "https://www.chess.com"]
[Date "2023.12.05"]
[Round "2"]
[White "Tabuenca Mendataurigoitia, Daniel"]
[Black "Clawitter, Craig"]
[Result "1-0"]
[Board "152"]
[TimeControl "180+1"]
[WhiteFideId "24563617"]
[BlackFideId "2023105"]
[WhiteElo "2481"]
[BlackElo "2238"]
[WhiteTeam "ESP"]
[BlackTeam "USA"]
[WhiteClock "0:01:16"]
[BlackClock "0:00:12"]

1. Nf3 Nf6 2. g3 e6 3. Bg2 d5 4. O-O Be7 5. b3 d4 6. Bb2 c5 7. e3 Nc6 8. exd4 cxd4 9. c3 e5 10. cxd4 exd4 11. d3 O-O 12. Nbd2 Bf5 13. Nc4 h6 14. a3 a5 15. Rc1 Re8 16. Qd2 Rc8 17. Rfe1 b5 18. Nce5 Nxe5 19. Nxe5 Rxc1 20. Rxc1 Bxa3 21. Nc6 Qd6 22. Bxa3 Qxa3 23. Nxd4 Bd7 24. Qc3 Rc8 25. Nc6 Bxc6 26. Bxc6 Nd5 27. Qd2 Nb4 28. Qe3 g6 29. Rc5 Kh7 30. Bxb5 Rxc5 31. Qxc5 Qxb3 32. Bc4 Qd1+ 33. Kg2 Nxd3 34. Bxd3 Qxd3 35. Qxa5 Qe4+ 36. Kg1 Qb1+ 37. Kg2 Qe4+ 38. Kh3 Qf5+ 39. Qxf5 gxf5 40. Kg2 Kg6 41. Kf3 Kg5 42. h4+ Kf6 43. Kf4 Kg6 44. Ke5 f6+ 45. Ke6 f4 46. gxf4 h5 47. f5+ Kg7 48. Ke7 1-0